 Dungeon Crawl Stone Soup version 0.18.1-8-gdd0e5ea (webtiles) character file.

86 Guinours the Poker (level 4, -3/37 HPs)
             Began as a Merfolk Berserker on May 27, 2016.
             Was a Believer of Trog.
             Slain by a gnoll
             ... wielding a +0 spear
              (5 damage)
             ... on level 3 of the Dungeon.
             The game lasted 00:06:46 (1784 turns).

Guinours the Poker (Merfolk Berserker)              Turns: 1784, Time: 00:06:47

Health: -3/37      AC:  5    Str: 17    XL:     4   Next: 49%
Magic:  4/4        EV: 13    Int:  6    God:    Trog [**....]
Gold:   148        SH:  0    Dex: 14    Spells: 0 memorised, 3 levels left

rFire  + . .     SeeInvis .     a - +0 spear
rCold  . . .     Gourm    .     d - +0 ring mail
rNeg   . . .     Faith    .     (no shield)
rPois  +         Spirit   .     (no helmet)
rElec  .         Dismiss  .     (no cloak)
rCorr  .         Reflect  .     (no gloves)
SustAt .         Harm     .     (no boots)
MR     .....                    (no amulet)
Stlth  +.........               j - ring of poison resistance
                                g - ring of protection from fire

@: not resistant to hostile enchantments, very unstealthy
A: change form in water, swift swim
a: Berserk, Trog's Hand, Burn Spellbooks, Renounce Religion


You were on level 3 of the Dungeon.
You worshipped Trog.
Trog was pleased with you.
You were very hungry.

You visited 1 branch of the dungeon, and saw 3 of its levels.

You collected 148 gold pieces.

Inventory:

Hand Weapons
 a - a +0 spear (weapon)
 o - a +0 whip
Armour
 b - a +0 animal skin
 d - a +0 ring mail (worn)
Jewellery
 g - a ring of protection from fire (left hand)
 h - an uncursed ring of protection from fire
 j - a ring of poison resistance (right hand)
Scrolls
 k - 2 scrolls of amnesia {unknown}
 n - 3 scrolls of identify {unknown}
Potions
 e - 2 potions of curing {unknown}
 i - a potion of magic {unknown}
 m - 2 potions of resistance {unknown}
 p - a potion of heal wounds {unknown}
 r - a potion of haste {unknown}
 s - a potion of agility {unknown}
Comestibles
 c - 2 bread rations
 f - a beef jerky
 l - a fruit
 q - a meat ration


   Skills:
 + Level 3.8 Fighting
 + Level 5.3 Polearms
 + Level 1.9 Armour
 + Level 4.3 Dodging


You had 3 spell levels left.
You didn't know any spells.

Dungeon Overview and Level Annotations

Branches:
Dungeon (3/15)

Altars:
Dithmenos
Elyvilon
Kikubaaqudgha
Vehumet
Xom


Message History

The gnoll is moderately wounded.
The gnoll hits you with a flail.
* * * LOW HITPOINT WARNING * * *
You closely miss the gnoll.
The gnoll is moderately wounded.
The gnoll hits you from afar with a spear.
* * * LOW HITPOINT WARNING * * *
You hit the gnoll.
The gnoll is severely wounded.
The gnoll barely misses you. The gnoll closely misses you.
The gnoll shouts!
You hit the gnoll.
The gnoll is severely wounded.
The gnoll barely misses you. The gnoll closely misses you.
You hit the gnoll.
The gnoll is severely wounded.
You hit the gnoll but do no damage.
The gnoll is severely wounded.
The gnoll hits you from afar with a spear.
You die...

#.. #..##...# #....
#....#..##...# #....
#...#..##.).# #....
#...#..##...#####....
##...#...........'....
................##....
######.#.$#####.#.##....
..g..g(.#.....#§#.##....
####g@))...#§§§###....
##.#.###§# # .....
....... §§ .####
###.##### ... ##.# #.#
#..


You could see 3 gnolls.

Vanquished Creatures
  A gnoll (D:3)
  An adder (D:2)
  A worm (D:2)
  A dart slug (D:3)
  2 giant geckos
  3 orcs (D:3)
  A ball python (D:3)
  3 giant cockroaches
  8 goblins
  4 hobgoblins
  4 jackals (D:1)
  6 kobolds
  A quokka (D:3)
  6 bats
  3 giant newts
  10 rats
55 creatures vanquished.

Notes
Turn   | Place    | Note
--------------------------------------------------------------
     0 | D:1      | Guinours the Merfolk Berserker began the quest for the Orb.
     0 | D:1      | Reached XP level 1. HP: 18/18 MP: 1/1
    72 | D:1      | Reached XP level 2. HP: 16/24 MP: 2/2
   443 | D:1      | Reached ** piety under Trog
   666 | D:1      | Reached XP level 3. HP: 29/29 MP: 3/3
   911 | D:2      | Reached skill level 5 in Polearms
  1024 | D:2      | Found a white marble altar of Elyvilon.
  1024 | D:2      | Found a shimmering altar of Xom.
  1480 | D:3      | Reached XP level 4. HP: 33/36 MP: 4/4
  1511 | D:3      | Found a radiant altar of Vehumet.
  1704 | D:3      | Found a shimmering altar of Xom.
  1733 | D:3      | Found an ancient bone altar of Kikubaaqudgha.
  1760 | D:3      | Found a shadowy altar of Dithmenos.
  1784 | D:3      | Slain by a gnoll

Skill      XL: |  1  2  3 |
---------------+----------+-----
Dodging        | 3 4 |  4.3
Polearms       | 5 |  5.3
Fighting       | |  3.8
Armour         | |  1.9

Action                   |  1- 3 |  4- 6 || total
-------------------------+-------+-------++-------
Melee: Spear             |   188 |    52 ||   240
  Eat: Pizza             |     1 |       ||     1
Armor: Ring mail         |    56 |    12 ||    68
Dodge: Dodged            |   152 |    41 ||   193
